 Dungeon Crawl Stone Soup version 0.27.0-1-g7a089689b8 (webtiles) character file.

Game seed: 15357385783097724346

7440 mandarbmax the Grappler (level 10, 0/104 HPs)
             Began as a Troll Air Elementalist on July 31, 2021.
             Was a High Priest of Okawaru.
             Shot with a bolt by a yaktaur captain (46 damage)
             ... on level 9 of the Dungeon.
             The game lasted 00:18:31 (7484 turns).

mandarbmax the Grappler (Troll Air Elementalist)    Turns: 7484, Time: 00:18:32

Health: 0/104      AC:  9    Str: 24    XL:     10   Next: 93%
Magic:  10/10      EV: 13    Int: 11    God:    Okawaru [*****.]
Gold:   94         SH:  0    Dex: 13    Spells: 7/11 levels left

rFire    . . .     SeeInvis .     - Unarmed
rCold    + . .     Faith    .   (no shield)
rNeg     . . .     Spirit   .   w - +2 steam dragon scales
rPois    .         Reflect  .   (helmet restricted)
rElec    .         Harm     .   (no cloak)
rCorr    .         Rampage  .   (gloves unavailable)
Will     .....                  (boots unavailable)
Stlth    ++........             g - amulet of regeneration
HPRegen  2.27/turn              h - +6 ring of strength
MPRegen  0.12/turn              i - ring of protection from cold

@: no status effects
A: large, unfitting armour, claws 3, regeneration 1, shaggy fur 1, tough skin 1
a: Renounce Religion, Heroism, Finesse


You were on level 9 of the Dungeon.
You worshipped Okawaru.
Okawaru was extremely pleased with you.
You visited 2 branches of the dungeon, and saw 10 of its levels.

You collected 490 gold pieces.
You spent 396 gold pieces at shops.

Inventory:

Hand Weapons
 F - a +2 spectral giant club
Missiles
 a - 3 large rocks (quivered)
 b - 51 poisoned darts
 k - 4 silver javelins
 u - 7 boomerangs
Armour
 w - +2 steam dragon scales (worn)
Jewellery
 g - an amulet of regeneration (around neck)
 h - a +6 ring of strength (left claw)
 i - a ring of protection from cold (right claw)
 z - a ring of wizardry
 A - a ring of positive energy
 D - a ring of flight
Scrolls
 d - a scroll of blinking
 e - 2 scrolls of teleportation
 m - a scroll of immolation
 o - a scroll of vulnerability {unknown}
 s - a scroll of fear {unknown}
 y - a scroll of holy word {unknown}
 G - a scroll of amnesia {unknown}
Potions
 f - 3 potions of flight
 j - a potion of heal wounds
 l - a potion of curing
 n - a potion of resistance
 p - 4 potions of lignification
 q - a potion of haste
 r - 2 potions of brilliance {unknown}
 t - a potion of attraction
 v - a potion of cancellation
 x - 2 potions of invisibility
 B - a potion of might
 C - a potion of mutation
Miscellaneous
 E - a lightning rod (4/4)


   Skills:
 - Level 8.0 Fighting
 + Level 1.0 Throwing
 - Level 8.0 Dodging
 - Level 1.0 Stealth
 - Level 10.2 Unarmed Combat
 - Level 1.2 Spellcasting
 - Level 0.6 Conjurations
 - Level 2.0 Air Magic


You had 7 spell levels left.
You knew the following spells:

 Your Spells              Type           Power      Damage    Failure   Level
a - Shock                 Conj/Air       12%        1d3       19%         1
b - Swiftness             Air            5%         N/A       38%         3

Your spell library contained the following spells:

 Spells                   Type           Power      Damage    Failure   Level
 Magic Dart               Conj           8%         1d3       26%         1
 Static Discharge         Conj/Air       3%         N/A       28%         2
 Call Imp                 Summ           0%         N/A       43%         2
 Mephitic Cloud           Conj/Pois/Air  2%         N/A       54%         3
 Conjure Flame            Conj/Fire      1%         6-21      63%         3
 Ignite Poison            Fire/Tmut/Pois 0%         N/A       67%         3
 Airstrike                Air            2%         N/A       80%         4
 Sticky Flame             Conj/Fire      1%         2d3       95%         4


Dungeon Overview and Level Annotations

Branches:
Dungeon (9/15)             Temple (1/1) D:5
   Lair: D:8-11         Orc: D:9-12

Altars:
Ashenzari
Cheibriados
Dithmenos
Elyvilon
Fedhas
Gozag
Hepliaklqana
Kikubaaqudgha
Makhleb
Nemelex Xobeh
Okawaru
Qazlal
Ru
Sif Muna
Trog
Uskayaw
Vehumet
Wu Jian
Xom
Yredelemnul
Zin
The Shining One

Shops:
D:3 !   D:4 :


Innate Abilities, Weirdness & Mutations

You are too large for most types of armour.
You have claws for hands.
Your natural rate of healing is unusually fast.
You are covered in fur. (AC +1)
You have tough skin. (AC +1)


Message History

No target in view!
No target in view!
No target in view!
No target in view!
No target in view!
No target in view!
Things that are here:
a +0 shortbow; 13 arrows You see here a +0 robe.
There is a snail-covered altar of Cheibriados here.
Things that are here:
a +0 flail; a +0 leather armour; a +0 mace
Things that are here:
a +0 plate armour; a +0 mace You open the door.
Nemelex Xobeh says, "Care to risk it all for some fabulous prizes, mortal?" "Beware!
This is a limited time offer!"
Found a scale mail and 12 stones.
Found a sparkling altar of Nemelex Xobeh.
Found a transporter.
The deep elf pyromancer shouts!
Found 2 curare-tipped darts.
There is an open door here.
Found a tin of tremorstones (2/2).
There is a sparkling altar of Nemelex Xobeh here.
There is a transporter here.
Nemelex Xobeh says, "You lose!"
A transporter appears.
You enter the transporter and appear at another place.
The yaktaur captain wields a +1 arbalest of flaming.
It bursts into flame!
The yaktaur captain shoots a bolt.
The bolt hits you!! The bolt burns you.
You fail to use your ability.
The yaktaur captain shoots a bolt.
The bolt hits you!! The bolt burns you.
The deep elf pyromancer casts a spell at you.
The bolt of fire hits you!!
* * * LOW HITPOINT WARNING * * *
Unknown command.
You feel much better.
The yaktaur captain shoots a bolt.
The bolt hits you!!!
You die...

▓▓▓▓▓▓▓###▓▓▓▓▓▓
▓⌠.@e⌠▓§©§▓⌠.©.⌠
▓.....▓._.▓..(..
▓....c▓...▓.[8(.
▓.....▓...▓...}.
▓⌠.©.⌠▓...▓⌠...⌠
▓▓▓▓▓▓▓...▓▓▓▓▓▓
##
######'##########.
#..........#...#..
#...>......#...#..


You could see a yaktaur captain and a deep elf pyromancer.

Vanquished Creatures
  Erolcha (D:9)
  Pikel (D:8)
  A deep elf pyromancer (D:8)
  Maggie (D:9)
  A shadow (D:6)
  5 yaks
  7 water moccasins
  2 ice beasts
  3 sky beasts
  3 necrophages
  6 orc warriors
  A hornet zombie (D:8)
  3 black bears
  3 centaurs
  4 phantoms
  A lemure (D:8)
  A kobold brigand (D:8)
  4 bullfrogs
  A gnoll sergeant (D:8)
  2 scorpions (D:5)
  A water moccasin skeleton (D:5)
  7 howler monkeys
  2 bullfrog zombies
  3 centaur zombies
  4 hounds
  3 orc priests
  A bullfrog skeleton (D:5)
  3 centaur skeletons
  3 iguanas
  7 orc wizards
  A hound skeleton (D:5)
  A howler monkey zombie (D:9)
  5 gnolls
  7 adders
  A howler monkey skeleton (D:3)
  A white imp (D:5)
  3 worms
  2 dart slugs
  27 orcs
  3 bats
  9 endoplasms
  A giant cockroach (D:3)
  3 hobgoblins
  3 jackals (D:1)
  6 kobolds
  3 quokkas (D:2)
  8 ball pythons
  4 frilled lizards
  7 goblins
  5 rats
185 creatures vanquished.

Notes
Turn   | Place    | Note
-------+----------+-------------------------------------------
     0 | D:1      | mandarbmax the Troll Air Elementalist began the quest for
                  | the Orb.
     0 | D:1      | Reached XP level 1. HP: 16/16 MP: 1/1
   303 | D:1      | Reached skill level 1 in Unarmed Combat
   312 | D:1      | Reached XP level 2. HP: 24/24 MP: 2/2
   935 | D:2      | Reached skill level 2 in Unarmed Combat
  1053 | D:2      | Reached XP level 3. HP: 30/31 MP: 3/3
  1198 | D:2      | Found a faded altar of an unknown god.
  1575 | D:3      | Noticed a water moccasin
  1587 | D:3      | Killed a water moccasin
  1588 | D:3      | Reached skill level 4 in Unarmed Combat
  1588 | D:3      | Reached XP level 4. HP: 25/39 MP: 4/4
  1588 | D:3      | Reached XP level 5. HP: 29/45 MP: 5/5
  1780 | D:3      | You fall into a shaft and drop 1 floor!
  1936 | D:3      | Reached skill level 5 in Unarmed Combat
  2020 | D:3      | Found Sikexix's Distillery.
  2025 | D:3      | Bought a potion of lignification for 33 gold pieces
  2025 | D:3      | Bought a potion of haste for 110 gold pieces
  2799 | D:4      | Found Huschuk's Book Shoppe.
  2843 | D:5      | Entered Level 5 of the Dungeon
  2843 | D:5      | Noticed a centaur
  2843 | D:5      | Noticed a water moccasin
  2847 | D:5      | Killed a centaur
  2848 | D:5      | Reached skill level 6 in Unarmed Combat
  2848 | D:5      | Reached XP level 6. HP: 54/54 MP: 6/6
  2852 | D:5      | Killed a water moccasin
  2901 | D:5      | Noticed a water moccasin
  2907 | D:5      | Killed a water moccasin
  2908 | D:5      | Reached XP level 7. HP: 61/65 MP: 7/7
  2919 | D:5      | Reached skill level 7 in Unarmed Combat
  2987 | D:5      | Found a staircase to the Ecumenical Temple.
  2996 | Temple   | Entered the Ecumenical Temple
  3206 | Temple   | Became a worshipper of Warmaster Okawaru
  3346 | D:5      | Reached skill level 8 in Unarmed Combat
  3383 | D:5      | Reached * piety under Okawaru
  3448 | D:5      | Found a basalt altar of Yredelemnul.
  3449 | D:5      | Found an ornate altar of the Wu Jian Council.
  3450 | D:5      | Found an ancient bone altar of Kikubaaqudgha.
  3451 | D:5      | Found a blossoming altar of Fedhas.
  3472 | D:5      | Reached XP level 8. HP: 64/72 MP: 8/8
  3559 | D:5      | Reached skill level 9 in Unarmed Combat
  3964 | D:6      | Reached ** piety under Okawaru
  3965 | D:6      | Reached skill level 10 in Unarmed Combat
  4290 | D:6      | Reached XP level 9. HP: 83/83 MP: 9/9
  4391 | D:6      | Learned a level 3 spell: Swiftness
  4868 | D:7      | Reached *** piety under Okawaru
  4874 | D:7      | Found a shimmering altar of Xom.
  5088 | D:7      | Found a broken altar of Ashenzari.
  5167 | D:7      | Reached skill level 5 in Fighting
  5167 | D:7      | Reached skill level 5 in Dodging
  5327 | D:7      | Identified the +1 scale mail "Wecriamp" {rF- rN+ MP+9
                  | Dex+2}
  5363 | D:7      | Found a shadowy altar of Dithmenos.
  5988 | D:7      | Reached **** piety under Okawaru
  5989 | D:7      | Reached XP level 10. HP: 57/98 MP: 10/10
  6580 | D:3      | Bought a potion of invisibility for 88 gold pieces
  6580 | D:3      | Bought a potion of might for 44 gold pieces
  6580 | D:3      | Bought a potion of mutation for 88 gold pieces
  6580 | D:3      | Bought a potion of flight for 33 gold pieces
  6743 | D:8      | Noticed Pikel
  6757 | D:8      | Killed Pikel
  6845 | D:8      | Noticed a deep elf pyromancer
  6850 | D:8      | Killed a deep elf pyromancer
  6977 | D:9      | Found a snail-covered altar of Cheibriados.
  7074 | D:9      | Found a shimmering blue altar of Sif Muna.
  7144 | D:9      | Noticed Erolcha
  7150 | D:9      | Killed Erolcha
  7150 | D:9      | Reached ***** piety under Okawaru
  7192 | D:9      | Noticed Maggie
  7200 | D:9      | Killed Maggie
  7399 | D:9      | Found a stormy altar of Qazlal.
  7411 | D:9      | Reached skill level 1 in Throwing
  7474 | D:9      | Found a sparkling altar of Nemelex Xobeh.
  7474 | D:9      | Found a transporter.
  7474 | D:9      | Noticed a yaktaur captain
  7475 | D:9      | Noticed a deep elf pyromancer
  7484 | D:9      | Shot with a bolt by a yaktaur captain

Illustrated notes

Levels and vault maps discovered:
D:1:      sevenhm_arrival_forest_fort_small_4, layout_basic,
          minmay_misc_feat_pillars, minivault_11
D:2:      layout_basic, shapermc_ecumenical_altar_petra,
          kennysheep_generic_room_8
D:3:      layout_loops_ring, serial_shops, shop, grunt_ministairs_8
D:4:      layout_cave_pools, serial_shops, shop
D:5:      layout_loops_ring, mainiacjoe_overflow_alcove_3,
          minmay_temple_entry_antechambers, bh_walls_and_bars
D:6:      layout_gridville
D:7:      layout_cave_pods, old_standard_altar, grunt_dithmenos_smoke,
          mainiacjoe_overflow_surrounded_room
D:8:      layout_gridville, uniq_pikel
D:9:      layout_gridville, mainiacjoe_overflow_chevrons, led_sif_book,
          nicolae_qazlal_scattered_showers, grunt_nemelex_the_gamble,
          uniq_maggie, uniq_erolcha
Temple:   minmay_temple_curvy_loop

Skill      XL: |  1  2  3  4  5  6  7  8  9 10 |
---------------+-------------------------------+-----
Unarmed Combat | 1 2 4 6 8 10 | 10.2
Dodging        | 2 3 6 8 |  8.0
Fighting       | 2 3 6 8 |  8.0
Throwing       | 1 |  1.0
Stealth        | |  1.0
Spellcasting   | |  1.2
Conjurations   | |  0.6
Air Magic      | |  2.0

Action                   |  1- 3 |  4- 6 |  7- 9 | 10-12 || total
-------------------------+-------+-------+-------+-------++-------
Melee: Unarmed           |   142 |    66 |   294 |   104 ||   606
       Punch             |     2 |     1 |    10 |     8 ||    21
Throw: Dart              |     8 |    80 |    70 |       ||   158
       Boomerang         |       |       |     8 |    26 ||    34
       Javelin           |       |       |     1 |     4 ||     5
       Large rock        |       |       |       |     6 ||     6
 Cast: Shock             |     5 |       |       |       ||     5
Invok: Heroism           |       |       |     1 |     4 ||     5
  Use: Potion            |     2 |     1 |     1 |     1 ||     5
       Scroll            |       |     5 |     4 |     4 ||    13
 Stab: Sleeping          |       |     2 |       |       ||     2
Armor: Robe              |    51 |    31 |    90 |    13 ||   185
       Steam dragon scal |       |       |       |     6 ||     6
Dodge: Dodged            |    88 |    50 |   155 |    76 ||   369
